Map: Acid Plant LE

Players

Marzbar - Winner!

  • Race: Zerg Zerg
  • League: Diamond
  • Spawn Location: 5:00

Django

  • Race: Terran Terran
  • League: Diamond
  • Spawn Location: 11:00

VOD

Have the link to the VOD?

Description

Time

  • Played on: June 13, 2018, 11:07 p.m.
  • Length: 7:39
Show
View Real Time Build Order
Export as new Build Order

Marzbar Zerg - Winner!

Build Orders: Hatch First 

Get SALT Encoding   

  12  0:01  Drone  
  13  0:12  Overlord  
  13  0:20  Drone  
  14  0:33  Drone  
  14  0:34  Drone  
  16  0:41  Drone  
  17  0:53  Hatchery  
  17  0:55  Drone  
  17  1:08  Drone  
  17  1:10  Extractor  
  17  1:15  Spawning Pool  
  17  1:18  Drone  
  17  1:26  Drone  
  17  1:32  Drone  
  19  1:38  Overlord  
  19  1:52  Drone  
  20  2:02  Queen  
  20  2:04  Queen  
  20  2:05  Zergling x4  
  26  2:10  Drone  
  27  2:19  Metabolic Boost  
  27  2:20  Drone  
  27  2:21  Drone  
  29  2:26  Drone  
  30  2:34  Drone  
  31  2:53  Overlord, Drone  
  32  2:59  Queen  
  32  3:00  Hatchery  
  33  3:10  Drone x3  
  33  3:12  Overlord  
  36  3:17  Drone  
  36  3:18  Drone  
  38  3:20  Drone  
  38  3:22  Drone  
  40  3:29  Drone x3  
  40  3:34  Overlord  
  43  3:45  Overlord, Drone x3  
  43  3:46  Drone  
  47  3:49  Drone  
  47  3:50  Drone  
  47  3:54  Baneling Nest  
  47  3:55  Drone  
  49  3:56  Drone  
  49  4:05  Extractor  
  48  4:11  Zergling x8  
  48  4:13  Queen  
  54  4:35  Drone x4  
  54  4:36  Evolution Chamber, Drone x2  
  54  4:37  Evolution Chamber, Drone x2  
  60  4:41  Baneling x2  
  60  4:42  Baneling x3  
  60  4:43  Overlord x2  
  60  4:44  Zergling x2  
  61  4:46  Overlord  
  61  4:54  Queen  
  61  4:55  Queen  
  61  4:59  Overlord  
  65  5:00  Overlord  
  65  5:01  Zergling x2  
  65  5:02  Zergling x6  
  65  5:05  Zerg Melee Weapons Level 1  
  69  5:18  Zergling x2  
  69  5:19  Zergling x12  
  69  5:21  Lair  
  76  5:22  Drone x3  
  76  5:23  Drone  
  76  5:39  Zergling x10  
  76  5:42  Baneling x5  
  81  5:47  Overlord x2  
  81  5:52  Zergling x2  
  81  5:53  Zergling x8  
  81  5:55  Baneling x2  
  81  5:56  Drone x6  
  90  6:27  Hydralisk Den, Extractor  
  90  6:28  Extractor  
  90  6:30  Extractor  
  90  6:32  Extractor  
  85  6:35  Hatchery  
  84  6:45  Hatchery, Drone x3  
  84  6:46  Drone x6  
  92  6:56  Drone  
  92  6:57  Drone  
  94  7:07  Baneling x3  
Show
View Real Time Build Order
Export as new Build Order

Django Terran 

Build Orders: Reaper Expand, MMM Bio 

Get SALT Encoding   

  12  0:00  SCV  
  13  0:13  SCV  
  14  0:17  Supply Depot  
  14  0:25  SCV  
  15  0:38  SCV  
  15  0:40  Barracks  
  16  0:45  Refinery  
  16  0:51  SCV  
  17  1:03  SCV  
  18  1:15  SCV  
  19  1:27  Orbital Command  
  19  1:29  Reaper  
  20  1:39  Command Center  
  20  1:50  Barracks  
  20  1:54  SCV  
  21  2:01  Barracks Reactor  
  21  2:03  Supply Depot  
  21  2:10  SCV  
  21  2:14  Refinery  
  22  2:22  SCV  
  23  2:27  Factory  
  23  2:34  SCV  
  24  2:45  Marine x2  
  24  2:46  Barracks Tech Lab  
  24  2:47  SCV  
  24  2:51  Orbital Command  
  26  2:59  SCV  
  26  3:03  Marine x2  
  26  3:05  Marine  
  30  3:06  Stimpack  
  30  3:11  SCV  
  31  3:17  Starport  
  31  3:18  SCV  
  32  3:24  Marine x2, SCV  
  35  3:27  Marine  
  35  3:29  Factory Reactor  
  35  3:32  SCV  
  37  3:38  SCV  
  37  3:39  Supply Depot  
  38  3:41  Marine  
  38  3:42  Marine  
  38  3:44  SCV  
  38  3:45  Marine  
  42  3:50  SCV  
  43  3:58  SCV  
  43  3:59  Marine  
  43  4:00  Marine  
  43  4:01  Supply Depot  
  43  4:02  SCV  
  47  4:03  Marine  
  48  4:10  SCV  
  48  4:12  Medivac  
  48  4:13  Medivac  
  53  4:17  SCV  
  53  4:23  Engineering Bay  
  54  4:24  Engineering Bay, Marauder  
  54  4:27  Marine  
  54  4:28  Marine  
  58  4:31  SCV  
  58  4:32  SCV  
  60  4:42  Supply Depot  
  60  4:43  SCV  
  61  4:49  SCV  
  61  4:51  Terran Infantry Weapons Level 1  
  62  4:54  Terran Infantry Armor Level 1  
  62  5:03  Supply Depot  
  62  5:04  Marauder, Marine x2, SCV, Supply Depot  
  62  5:06  SCV  
  68  5:08  Combat Shields  
  68  5:16  SCV  
  68  5:18  SCV  
  70  5:24  Marine x2  
  70  5:25  Marine, Supply Depot  
  70  5:28  SCV  
  68  5:29  Command Center  
  68  5:34  SCV  
  67  5:37  Refinery x2  
  67  5:41  Medivac  
  69  5:44  SCV  
  69  5:46  Medivac  
  69  5:47  Marine x3  
  75  5:57  Factory Tech Lab  
  75  5:58  SCV x2  
  75  6:01  Supply Depot  
  75  6:04  Supply Depot  
  77  6:05  Marine x3  
  77  6:11  SCV x2  
  81  6:23  Marine x3, SCV  
  85  6:28  SCV  
  85  6:30  Siege Tank  
  89  6:34  Barracks  
  89  6:37  Barracks x2, SCV  
  90  6:40  SCV, Supply Depot  
  90  6:41  Marine x3, Supply Depot  
  94  6:49  Armory  
  94  6:58  SCV  
  90  7:18  Marine x3  
  90  7:22  SCV x2  
Tags
 
Add a new tag
Caveats
  • Supply blocks, unpowered buildings, or Contaminate may cause inaccurate times.
  • Supply counts are checked every 10 seconds.